Map: Thunderbird LE

Players

Hyde - Winner!

  • Race: Zerg Zerg
  • League: Platinum
  • Spawn Location: 5:00

TiPtOP

  • Race: Terran Terran
  • League: Silver
  • Spawn Location: 11:00

VOD

Have the link to the VOD?

Description

Time

  • Played on: Aug. 19, 2019, 8:47 a.m.
  • Length: 22:00
Show
View Real Time Build Order
Export as new Build Order

Hyde Zerg - Winner!

Build Orders: Hatch First 

Get SALT Encoding   

  12  0:01  Drone  
  13  0:12  Drone  
  14  0:18  Overlord  
  14  0:46  Hatchery  
  14  0:49  Drone  
  14  0:57  Drone x2  
  16  1:01  Drone  
  17  1:21  Spawning Pool  
  17  1:22  Drone  
  17  1:24  Drone  
  18  1:36  Drone  
  19  1:52  Extractor  
  18  2:01  Drone x3  
  19  2:08  Zergling x2  
  22  2:12  Zergling x2, Hatchery  
  22  2:15  Queen  
  24  2:29  Evolution Chamber  
  23  2:34  Drone x4  
  27  2:56  Drone  
  28  3:10  Overlord  
  28  3:11  Overlord  
  28  3:24  Drone x3  
  28  3:25  Drone x2  
  33  3:28  Extractor  
  32  3:35  Roach Warren  
  31  3:50  Zerg Missile Weapons Level 1  
  31  4:01  Evolution Chamber  
  30  4:02  Hatchery  
  30  4:08  Lair  
  29  4:14  Queen  
  31  4:30  Drone x2  
  31  4:31  Drone x6  
  36  4:32  Drone  
  40  4:40  Extractor  
  40  4:42  Extractor  
  40  4:43  Drone  
  40  4:45  Queen  
  41  4:59  Roach x4  
  49  5:01  Overlord  
  47  5:09  Drone x3  
  47  5:12  Zerg Ground Armor Level 1  
  50  5:38  Glial Reconstitution  
  50  5:40  Roach  
  50  5:41  Roach x2  
  50  5:42  Roach  
  58  5:45  Drone x2  
  58  5:47  Overlord  
  58  5:48  Overlord  
  58  5:49  Roach  
  62  5:56  Overseer  
  62  6:17  Spire  
  61  6:19  Roach x4  
  61  6:20  Roach  
  61  6:21  Zergling x8  
  75  6:39  Roach  
  77  6:42  Zergling x6  
  80  7:06  Overlord x2  
  80  7:17  Tunneling Claws  
  80  7:21  Zerg Melee Weapons Level 1  
  80  7:24  Zergling x4  
  82  7:30  Zerg Missile Weapons Level 2  
  82  7:33  Mutalisk x4  
  90  7:37  Drone x3  
  90  7:38  Drone x2  
  90  7:42  Extractor  
  90  7:43  Extractor  
  93  8:07  Hatchery  
  93  8:08  Mutalisk  
  93  8:09  Mutalisk  
  93  8:12  Overlord x3  
  96  8:20  Hatchery  
  96  8:24  Infestation Pit  
  94  8:43  Drone x3  
  94  8:44  Mutalisk x3  
  94  8:45  Mutalisk x2  
  94  8:47  Roach  
  111  8:48  Roach  
  111  9:03  Mutalisk x2  
  115  9:25  Hive  
  115  9:27  Metabolic Boost  
  115  9:29  Zergling x4  
  115  9:30  Zergling x6  
  120  9:36  Baneling Nest  
  119  10:02  Drone x3  
  122  10:20  Roach x5  
  122  10:21  Overlord x5  
  115  10:46  Zergling x10  
  115  10:47  Zergling x14  
  115  10:48  Zergling x2  
  115  10:49  Roach x2  
  100  11:22  Ultralisk Cavern  
  100  11:23  Greater Spire  
  100  11:25  Drone x5  
  103  11:26  Drone  
  103  11:28  Overlord x3  
  103  11:30  Zergling x2  
  106  11:35  Baneling  
  106  11:36  Baneling x2  
  106  11:37  Baneling x4  
  106  12:02  Mutalisk x3  
  106  12:05  Zergling x2, Roach x5  
  106  12:08  Zergling x4  
  122  12:26  Ultralisk  
  122  12:28  Drone x2  
  100  12:56  Ultralisk x2  
  100  12:57  Roach x3  
  100  12:58  Zergling x2  
  119  13:24  Drone x3  
  119  13:25  Drone  
  123  13:46  Corruptor x2  
  123  13:47  Corruptor x3  
  133  13:54  Hatchery  
  132  14:22  Corruptor x4  
  132  14:23  Corruptor x2  
  144  14:31  Brood Lord x2  
  148  14:40  Brood Lord x2  
  140  15:01  Brood Lord  
  140  15:02  Brood Lord x3  
  140  15:03  Brood Lord  
  127  15:10  Zergling x2  
  127  15:11  Zergling x10  
  127  15:12  Zergling x4  
  123  15:17  Brood Lord  
  131  15:28  Ultralisk  
  131  15:32  Chitinous Plating  
  131  15:39  Brood Lord  
  131  15:42  Zergling x8  
  137  15:43  Zergling x6  
  137  15:44  Zergling x2  
  139  16:20  Ultralisk x4  
  163  16:33  Overlord  
  163  16:34  Overlord  
  163  16:57  Zerg Flyer Weapons Level 1  
  163  17:06  Infestor x2  
  167  17:09  Roach x4  
  167  17:10  Zergling x14  
  167  17:11  Zergling x10  
  187  17:20  Corruptor  
  187  17:21  Corruptor  
  197  17:37  Ultralisk  
  197  17:38  Zergling x6  
  178  18:09  Overlord, Corruptor  
  179  18:26  Overlord  
  179  18:27  Overlord x6  
  178  18:35  Extractor x2  
  173  18:45  Overlord x5  
  173  18:46  Overlord x4  
  167  18:59  Spire  
  159  19:04  Spire  
  151  19:23  Overlord  
  151  19:24  Overlord x6  
  129  19:38  Overlord x3  
  109  19:40  Overlord  
  109  19:41  Corruptor  
  109  19:42  Corruptor  
  105  20:08  Corruptor x4  
  105  20:09  Corruptor x2  
  115  20:22  Corruptor x3  
  121  20:39  Corruptor  
  113  21:04  Hatchery  
  113  21:10  Overlord x3  
  113  21:11  Corruptor x3  
Show
View Real Time Build Order
Export as new Build Order

TiPtOP Terran 

Build Orders: Mech 

Get SALT Encoding   

  12  0:01  SCV  
  13  0:13  SCV  
  14  0:20  Supply Depot  
  14  0:25  SCV  
  15  0:42  SCV  
  16  0:45  Barracks  
  16  0:53  Refinery  
  16  0:54  SCV  
  17  1:06  SCV  
  17  1:10  Supply Depot  
  18  1:18  SCV  
  19  1:33  Marine  
  19  1:38  Orbital Command  
  20  1:48  Bunker  
  20  2:02  Factory  
  20  2:07  SCV  
  21  2:12  Command Center  
  21  2:19  SCV  
  22  2:30  Refinery  
  22  2:32  SCV  
  23  2:41  Barracks Tech Lab  
  23  2:54  Engineering Bay  
  23  3:08  SCV  
  24  3:20  SCV  
  24  3:27  Orbital Command  
  25  3:29  Siege Tank  
  28  3:40  Factory x2  
  28  3:42  Marine  
  29  3:58  Supply Depot  
  29  4:04  Supply Depot  
  30  4:17  SCV  
  30  4:23  Siege Tank  
  33  4:29  SCV  
  34  4:32  Factory Tech Lab  
  34  4:38  Factory Reactor  
  34  4:43  Orbital Command  
  34  5:22  SCV  
  34  5:25  Bunker  
  34  5:26  Siege Tank  
  34  5:27  Siege Tank  
  41  5:29  Hellion x2  
  41  5:34  SCV, Armory  
  46  5:38  Command Center  
  46  5:44  Supply Depot  
  46  5:45  SCV  
  46  5:46  SCV  
  48  5:55  Supply Depot  
  48  6:08  Hellion x2  
  52  6:18  Supply Depot  
  52  6:27  Thor  
  52  6:29  Hellion  
  62  6:35  Thor  
  62  6:38  Hellion  
  68  6:56  Refinery  
  68  7:01  Hellion x2  
  72  7:03  Infernal Pre-Igniter  
  72  7:04  SCV  
  72  7:05  SCV  
  74  7:11  Supply Depot  
  74  7:16  SCV  
  74  7:17  Refinery, SCV  
  76  7:29  SCV x2  
  78  7:34  Supply Depot  
  78  7:41  Missile Turret, SCV x2  
  80  7:54  SCV x2  
  80  7:57  Thor  
  88  7:58  Thor  
  88  7:59  Hellbat  
  88  8:00  Hellbat  
  88  8:03  Missile Turret  
  98  8:06  SCV x2  
  98  8:10  Orbital Command  
  100  8:37  SCV x2  
  100  8:39  Refinery  
  102  8:49  SCV  
  103  8:56  SCV  
  104  9:08  Refinery, SCV  
  105  9:10  Command Center  
  105  9:13  Thor x2  
  117  9:23  Hellion  
  117  9:25  Supply Depot  
  117  9:26  Supply Depot x2  
  117  9:27  Terran Vehicle Weapons Level 1  
  117  9:29  Smart Servos  
  117  9:37  Thor x2  
  117  9:47  Hellion x2  
  121  9:56  Thor  
  125  10:09  Hellion  
  117  10:30  Missile Turret  
  117  10:32  Missile Turret  
  98  10:45  Thor x2  
  98  10:46  Hellion x2  
  94  11:07  Hellion x2  
  94  11:10  SCV  
  93  11:22  SCV  
  94  11:28  Hellion, Thor  
  94  11:29  Hellion x2  
  94  11:32  Hellion x8  
  106  11:34  SCV  
  107  11:44  Thor x2  
  107  11:46  SCV  
  108  11:50  Hellion  
  110  11:58  Hellion x2  
  114  12:10  Thor x2  
  126  12:19  Hellion  
  122  12:52  Hellion x2  
  122  12:53  Thor x2  
  128  13:13  Hellion  
  128  13:19  Hellion  
  126  13:35  Hellion  
  126  13:36  Thor x2  
  140  13:52  SCV  
  140  13:53  Supply Depot  
  141  14:02  Supply Depot  
  141  14:05  Supply Depot  
  141  14:15  Hellion x2, SCV x3  
  148  14:23  Thor  
  154  14:26  Thor  
  154  14:27  SCV x3  
  163  14:39  SCV  
  164  14:48  Starport  
  164  14:49  Starport  
  164  14:55  SCV, Starport  
  117  15:07  SCV  
  100  15:15  Hellion x2  
  100  15:16  Hellion x2  
  100  15:20  SCV  
  97  15:27  Fusion Core, Starport Tech Lab  
  97  15:28  Starport Tech Lab  
  97  15:37  Hellion x3  
  97  15:42  Supply Depot  
  103  15:45  Starport Tech Lab  
  103  15:47  Command Center  
  101  15:52  Starport  
  101  15:55  Starport  
  97  16:01  Hellbat x2  
  97  16:02  Hellbat x2  
  97  16:19  Battlecruiser x3  
  115  16:41  SCV  
  115  16:43  SCV x2  
  118  16:48  Starport Tech Lab  
  118  16:53  SCV  
  119  16:55  SCV x2  
  119  17:00  Starport Tech Lab  
  121  17:05  SCV  
  122  17:17  SCV  
  122  17:18  Command Center  
  123  17:23  Battlecruiser x2  
  123  17:24  Battlecruiser  
  36  19:41  Orbital Command  
Tags
 
Composition
Mech
Matchup
TvZ
Spawn Locations
Cross Positions
Add a new tag
Caveats
  • Supply blocks, unpowered buildings, or Contaminate may cause inaccurate times.
  • Supply counts are checked every 10 seconds.